[Event "NJSK 2024 C"]
[Site "Groningen, Netherlands"]
[Date "2024.04.28"]
[Round "2.8"]
[White "Ambrona Navarro, Himar"]
[Black "Zecha, Oscar"]
[Result "1-0"]
[TimeControl "90min/40moves + 30min + 30sec/move"]
[WhiteElo "1963"]
[BlackElo "1998"]

1. d4 Nf6 2. c4 e6 3. Nc3 Bb4 4. e3 O-O 5. a3 Bxc3+ 6. bxc3 c5 7. Bd3 d5 8. cxd5 exd5 9. Ne2 c4 10.
Bc2 Re8 11. f3 Nc6 12. Ng3 h5 13. O-O h4 14. Nf5 Ne7 15. Nxe7+ Qxe7 16. Re1 Qc7 17. e4 dxe4 18. fxe4 h3 19.
e5 Qc6 20. Qf3 hxg2 21. Qxc6 bxc6 22. Bd2 Nd5 23. Kxg2 Bb7 24. Rab1 Rab8 25. Be4 c5 26. Kg1 Bc6 27. Bxd5 Bxd5 28.
Rxb8 Rxb8 29. dxc5 Rb2 30. Bf4 g5 31. Rd1 Bf3 32. Rd2 Rb5 33. Bxg5 Rxc5 34. Kf2 Be4 35. Bf6 Bd3 36. Ke3 Ra5 37.
Ra2 Kh7 38. Kf4 Rb5 39. Rg2 Bg6 40. Rg3 Kg8 41. Rh3 Bh7 42. Rg3+ Bg6 43. h4 Kf8 44. h5 Bd3 45. h6 Rb1 46.
Rg2 Rd1 47. Rb2 Rb1 48. Rd2 Re1 49. Kf3 Kg8 50. Rb2 Rb1 51. Rxb1 Bxb1 52. Ke3 Bc2 53. Kd4 Bb3 54. Bd8 Kh7 55.
Kc5 Kxh6 56. Kb5 Kg6 57. Ka6 Kf5 58. Bf6 Ke4 59. Kxa7 Kd3 60. Kb6 Ba4 61. Ka5 Bc6 62. Kb4 Bd5 63.
a4 Be4 64. a5 Bb7 65. Kb5 Bd5 66. a6 Be6 67. a7 Bd5 68. Kb6 Kc2 69. Kc7 Kb3 70. Kb8 Kxc3 71. e6+ Kb3 72. e7 1-0

[Event "NJSK 2024 C"]
[Site "Groningen, Netherlands"]
[Date "2024.04.28"]
[Round "2.9"]
[White "Guillaumond, Matthieu"]
[Black "De Wit, Evan"]
[Result "1/2-1/2"]
[TimeControl "90min/40moves + 30min + 30sec/move"]
[WhiteElo "1945"]
[BlackElo "1769"]

1. e4 c5 2. c3 d5 3. exd5 Qxd5 4.
d4 e6 5.
Na3 Nf6 6. Nf3 a6 7. Nc4 Nbd7 8. Ne3 Qd6 9. Bd3 b6 10. b3 Bb7 11. Bb2 Be7 12. O-O O-O 13. Re1 Rfd8 14. Qe2 Nh5 15.
Nf5 Nf4 16. Nxd6 Nxe2+ 17. Bxe2 Bxd6 18. Rad1 Rac8 19. c4 cxd4 20.
Nxd4 Bb4 21. Rf1 Be7 22. Nc2 Be4 23. Ne3 Bb7 24. f3 Bc5 25. Bd4 Nb8 26. Bxc5 bxc5 27. Bd3 Nc6 28. Be4 Kf8 29.
Bxc6 Bxc6 30. Rxd8+ Rxd8 31. Rd1 Rc8 32. Rb1 a5 33. Kf2 Rb8 34. Nc2 Ke7 35. Ke2 e5 36. Kd3 Rd8+ 37. Kc3 e4 38.
Ne1 f5 39. Rb2 Rd1 40. Re2 Ke6 41. fxe4 Bxe4 42. Nf3 Kf6 43. Nd2 Rc1+ 44. Kb2 Rc2+ 45. Ka3 Bc6 46. h4 h5 47. Rf2 g6 48.
g3 1/2-1/2

[Event "NJSK 2024 C"]
[Site "Groningen, Netherlands"]
[Date "2024.04.28"]
[Round "2.10"]
[White "Roorda, Cas"]
[Black "Winter, Sven"]
[Result "1-0"]
[TimeControl "90min/40moves + 30min + 30sec/move"]
[WhiteElo "1828"]
[BlackElo "1768"]

1. e4 c6 2. d4 d5 3. e5 c5 4. c3 Nc6 5. Be2 cxd4 6. cxd4 Bf5 7. Nc3 e6 8. Be3 Nge7 9. Rc1 a6 10.
g4 Bg6 11. h4 h6 12. h5 Bh7 13. f4 Nc8 14. Nh3 Be7 15. O-O Nb6 16. Rf2 Na5 17. Bd3 Bxd3 18. Qxd3 Nbc4 19. b3 Nxe3 20.
Qxe3 Rc8 21. f5 Bg5 22. Nxg5 Qxg5 23. Qxg5 hxg5 24. f6 g6 25. hxg6 fxg6 26. Kg2 Kf7 27. Kg3 Nc6 28. Rd2 Rh4 29.
Nd1 Rch8 30. Nf2 Ke8 31. Rdc2 Kd7 32. b4 Kc7 33. a3 Kb6 34. Rd2 R8h7 35. Rb1 Na7 36. Rd3 Kb5 37. Rf3 Rf7 38.
Nh3 Rxh3+ 39. Kxh3 Kc4 40. Rd1 Nb5 41. Rc1+ Kxd4 42. a4 Na7 43. b5 axb5 44. axb5 Kxe5 45. b6 Nb5 46. Rc7 Nxc7 47.
bxc7 Rxc7 48. f7 Rc8 49. f8=Q Rxf8 50. Rxf8 Ke4 51. Kg2 e5 52. Kf2 d4 53. Ke2 b5 54. Rf6 Kd5 55. Rxg6 e4 56.
Rxg5+ Kc4 57. Rg8 e3 58. Rc8+ Kd5 59. Kd3 Ke5 60. Re8+ Kf4 61. Kxd4 Kxg4 62. Kxe3 b4 63. Rb8 b3 64.
Rxb3 Kg3 65. Rb8 Kg4 66. Rf8 1-0

[Event "NJSK 2024 C"]
[Site "Groningen, Netherlands"]
[Date "2024.04.28"]
[Round "2.11"]
[White "Okita, Shinsaku"]
[Black "Frederiks, Jesse"]
[Result "1-0"]
[TimeControl "90min/40moves + 30min + 30sec/move"]
[WhiteElo "1826"]
[BlackElo "1718"]

1. e4 Nf6 2. e5 Nd5 3. d4 d6 4. c4 Nb6 5. Nc3 g6 6. h3 dxe5 7. dxe5 Qxd1+ 8. Nxd1 Bg7 9. f4 Nc6 10.
Nf3 Be6 11. Ne3 f6 12. b3 fxe5 13. Bb2 O-O 14. fxe5 Rad8 15. Be2 Kh8 16. O-O Nd7 17. Rad1 Ndxe5 18. Nxe5 Bxe5 19. Bxe5+ Nxe5 20.
Rxf8+ Rxf8 21. Nd5 c6 22. Nc3 Kg7 23. Re1 Nd7 24. Bd3 Kf7 25. Ne4 h6 26. Nc3 Rg8 27. Kf2 Nf6 28. g4 Bc8 29.
Ke3 Re8 30. Rf1 Kg7 31. Ne2 e5 32. Ng3 Bd7 33. Be4 Nxe4 34. Nxe4 Be6 35. Nd6 Re7 36. Rf2 b6 37. Ke4 a6 38.
b4 c5 39. a3 b5 40. cxb5 cxb4 41. b6 Rd7 42. b7 Rd8 43. Kxe5 Bd5 44. Kxd5 bxa3 45. Kc6 a2 46. Rxa2 Rb8 47.
Kc7 h5 48. Kxb8 hxg4 49. Ka7 gxh3 50. b8=Q h2 51. Rf2 Kh6 52. Ne4 Kh5 53. Rg2 g5 54. Rxg5+ Kh4 55. Qh8# 1-0

[Event "NJSK 2024 C"]
[Site "Groningen, Netherlands"]
[Date "2024.04.28"]
[Round "2.12"]
[White "Kors, Siebe"]
[Black "Haque, Nishaaz"]
[Result "0-1"]
[TimeControl "90min/40moves + 30min + 30sec/move"]
[WhiteElo "1668"]
[BlackElo "1803"]

1. e4 c5 2. d4 cxd4 3. Qxd4 Nc6 4. Qd1 Nf6 5. Nc3 e6 6. a3 Bc5 7. Bb5 Qb6 8. h3 Bxf2+ 9. Kf1 Bxg1 10.
Rxg1 Nxe4 11. Nxe4 Qxb5+ 12. Ke1 Qe5 13. Qf3 Nd4 14. Qd3 d5 15. Be3 Nc6 16. Nf2 Qxb2 17. Rd1 Ne5 18. Qd4 Qxd4 19.
Bxd4 f6 20. Bxe5 fxe5 21. g4 O-O 22. h4 Bd7 23. Nd3 e4 24. Nc5 Bc8 25. h5 b6 26. Nb3 Ba6 27. Nd4 e5 28. Nc6 d4 29.
Nxe5 Rfe8 30. Nc6 d3 31. Nb4 dxc2 32. Nxc2 Rad8 33. Nb4 Bb5 34. Rxd8 Rxd8 35. Kf2 a5 36. a4 Bxa4 37. Na6 Bb5 38.
Nc7 Bc4 39. Rc1 b5 40. Ke3 Kf7 41. Kxe4 Rc8 42. Ra1 Rxc7 43. Rxa5 Rb7 44. Kd4 Be2 45. Ra2 Bxg4 46. Rf2+ Ke6 47.
h6 gxh6 48. Rf4 Rc7 49. Re4+ Kf6 50. Re1 b4 51. Rf1+ Bf5 52. Rh1 b3 53. Rxh6+ Bg6 54. Rh3 b2 0-1

[Event "NJSK 2024 C"]
[Site "Groningen, Netherlands"]
[Date "2024.04.28"]
[Round "2.13"]
[White "Etienne, Ghilon"]
[Black "Van Haaften, Jelle"]
[Result "1-0"]
[TimeControl "90min/40moves + 30min + 30sec/move"]
[WhiteElo "1793"]
[BlackElo "1655"]

1. e4 c6 2. Nc3 d5 3. Nf3 Bg4 4. h3 Bxf3 5. Qxf3 Nf6 6. e5 Nfd7 7. d4 e6 8. Nd1 c5 9. c3 Nc6 10.
Be3 Qa5 11. Qf4 Be7 12. h4 Qb6 13. Rc1 a6 14. Be2 Qa5 15. O-O Qxa2 16. Qg4 Bf8 17. f4 h5 18. Qg3 Ne7 19. Bd3 c4 20. Bc2 g6 21. Rf2 Bh6 22.
b4 cxb3 23. Bxg6 Qa3 24. Bxh5 Nf5 25. Qh3 Bf8 26. g4 Nxe3 27. Qxe3 Nb6 28.
Rb1 Nc4 29. Qe2 a5 30. f5 O-O-O 31. Bxf7 exf5 32. Rxf5 Rxh4 33.
Bxd5 Qa2 34. Qxc4+ Kb8 35. Rb2 Rxg4+ 36. Kf1 Qa1 37. Qxb3 Rg7 38. Bxb7 a4 39. Qxa4 Ba3 40. Qa8+ Kc7 41.
Qa5+ Kd7 42. Qa4+ Ke7 43. Rbf2 Rdg8 44. Bg2 Rd8 45. Qa7+ Rd7 46. Rf7+ Rxf7 47. Rxf7+ Kxf7 48. Qxd7+ Be7 49.
Bd5+ Kg6 50. Qe6+ Kh5 51. Bf3+ 1-0

[Event "NJSK 2024 C"]
[Site "Groningen, Netherlands"]
[Date "2024.04.28"]
[Round "2.14"]
[White "Stylianou, Alexandros"]
[Black "Lalkota, Sai Pranav Tejas"]
[Result "0-1"]
[TimeControl "90min/40moves + 30min + 30sec/move"]
[WhiteElo "1642"]
[BlackElo "1782"]

1. d4 Nf6 2. c4 c5 3. d5 b5 4. b3 g6 5. Bb2 Bg7 6. Nf3 O-O 7. Nbd2 bxc4 8. Nxc4 Bb7 9. d6 exd6 10.
Nxd6 Bxf3 11. exf3 Nc6 12. Be2 Ne8 13. Bxg7 Kxg7 14. Nxe8+ Rxe8 15. O-O Nd4 16. Re1 Qc7 17. Rc1 Rac8 18.
Qd2 Qd6 19. Qc3 Qf6 20. Qd2 Qd6 21. Rcd1 Re7 22. Qc3 Qf6 23. Kf1 Rce8 24. Bc4 h6 25. Rxe7 Qxe7 26. Re1 Qxe1+ 27. Qxe1 Rxe1+ 28. Kxe1 f5 29. Bd3 f4 30. Kd2 Kf6 31. Kc3 Nc6 32. a3 a5 33. g4 g5 34. Bf5 d5 35. Kd3 Nd4 36. b4 Nxf5 37. bxa5 Ne7 0-1

[Event "NJSK 2024 C"]
[Site "Groningen, Netherlands"]
[Date "2024.04.29"]
[Round "3.1"]
[White "Chua, Ethan"]
[Black "Kurt, Sascha"]
[Result "1/2-1/2"]
[TimeControl "90min/40moves + 30min + 30sec/move"]
[WhiteElo "2000"]
[BlackElo "2096"]

1. e4 c5 2. Nf3 d6 3.
d4 cxd4 4. Nxd4 Nf6 5. Nc3 a6 6.
f3 e5 7.
Nb3 Be6 8. Be3 Be7 9. Qd2 h5 10.
O-O-O Nbd7 11. Kb1 Rc8 12. Nd5 Nxd5 13. exd5 Bf5 14. Bd3 Bxd3 15. Qxd3 Bg5 16. h4 Bxe3 17. Qxe3 Qc7 18. Qe2 Qc4 19.
Qxc4 1/2-1/2

[Event "NJSK 2024 C"]
[Site "Groningen, Netherlands"]
[Date "2024.04.29"]
[Round "3.2"]
[White "De Jong, Lode"]
[Black "Groenewoud, Joel"]
[Result "0-1"]
[TimeControl "90min/40moves + 30min + 30sec/move"]
[WhiteElo "1587"]
[BlackElo "2030"]

1. d4 Nf6 2. c4 g6 3. Nc3 Bg7 4.
e4 d6 5.
Nf3 O-O 6. Be2 e5 7. O-O Nc6 8. d5 Ne7 9. Ne1 Nd7 10. Be3 f5 11. f3 f4 12. Bf2 g5 13. a4 h5 14. a5 Nf6 15.
c5 g4 16. cxd6 cxd6 17. Nb5 Ng6 18. Nxa7 Rxa7 19. Bxa7 g3 20. Kh1 Nh7 21. Bg1 h4 22. a6 bxa6 23. Bxa6 Bd7 24. Qc2 h3 25.
Rc1 Qf6 26. hxg3 fxg3 27. f4 Qh4 28. f5 Ng5 29. gxh3 Qxh3+ 30. Bh2 Nxe4 31. Qg2 Qh6 32. fxg6 Rf2 33. Rxf2 Nxf2+ 34. Kg1 Qxc1 35.
Bxg3 Qxe1+ 36. Bf1 Nh3+ 37. Kh2 Qe3 38. Qc2 Qg1# 0-1

[Event "NJSK 2024 C"]
[Site "Groningen, Netherlands"]
[Date "2024.04.29"]
[Round "3.3"]
[White "Grooten, Tommy"]
[Black "Terlouw, Wouter"]
[Result "0-1"]
[TimeControl "90min/40moves + 30min + 30sec/move"]
[WhiteElo "2018"]
[BlackElo "1961"]

1. d4 Nf6 2. c4 e6 3. Nc3 Bb4 4. f3 O-O 5. e4 d5 6. e5 Nfd7 7. a3 Bxc3+ 8. bxc3 dxc4 9. f4 b5 10.
a4 a6 11. axb5 Bb7 12. bxa6 Nxa6 13. Nf3 Bd5 14. Be2 c5 15. O-O Nc7 16. Be3 Nb5 17. Qc2 Qe7 18. Nd2 cxd4 19. Bxd4 Nxd4 20. cxd4 Qb4 21. Nxc4 Rxa1 22. Rxa1 Rc8 23. Rb1 Rxc4 24. Bxc4 Qxc4 25. Qxc4 Bxc4 26.
Rc1 Bd5 27. Rc8+ Nf8 28. f5 exf5 29. Rd8 Bc4 30. d5 g5 31. Kf2 Kg7 32. Ke3 Bb5 33. Kd4 Bd7 34. Kc5 f4 35. Kd6 Bf5 36.
Ra8 h5 37. Ra7 h4 38. e6 Nxe6 39. dxe6 Bxe6 40. Ke5 h3 41. gxh3 Bxh3 42. Ra3 f6+ 43. Ke4 Bg4 44. Ra2 Kg6 45.
h4 Bf5+ 46. Kf3 Be6 47. Ra5 Kh5 48. hxg5 fxg5 49. Re5 Bg4+ 50. Kf2 Kh4 51. Re1 Bh5 52. Rg1 g4 53. Rh1+ Kg5 54. Rg1 Bg6 55.
Ra1 g3+ 56. Kg2 Kg4 57. Ra4 Be8 58. Rc4 Bb5 59. Rb4 Bc6+ 60. Kf1 Kf5 61. Rb6 Bd5 62. Rb4 f3 63. Rd4 Be4 64. Rd8 Kf4 65.
Rf8+ Ke3 66. Re8 g2+ 67. Kg1 f2+ 68. Kh2 g1=Q+ 69. Kh3 f1=Q 70. Kh4 Qf4+ 71. Kh3 Qgg3 0-1

[Event "NJSK 2024 C"]
[Site "Groningen, Netherlands"]
[Date "2024.04.29"]
[Round "3.4"]
[White "Aravindhan, Achyuth"]
[Black "Roorda, Cas"]
[Result "1-0"]
[TimeControl "90min/40moves + 30min + 30sec/move"]
[WhiteElo "2071"]
[BlackElo "1828"]

1. e4 c5 2. Nf3 e6 3. d4 cxd4 4. Nxd4 Nc6 5. Nc3 Qc7 6. Be3 a6 7. g4 Nxd4 8. Qxd4 b5 9. O-O-O Bb7 10. Rd2 Nf6 11. f3 Rc8 12. g5 Nh5 13. Qd3 Bb4 14. Bh3 d5 15.
exd5 Bxc3 16. Qxc3 Qxc3 17. bxc3 Rxc3 18. Bd4 Rxf3 19. Bg4 Bxd5 20. Re1 Ra3 21. Bxh5 Rxa2 22. Bxg7 Rg8 23. Bf6 Rxg5 24.
Bf3 Kd7 25. Kb1 1-0

[Event "NJSK 2024 C"]
[Site "Groningen, Netherlands"]
[Date "2024.04.29"]
[Round "3.5"]
[White "Ritzerveld, Noah"]
[Black "Leenen, Boyd"]
[Result "1-0"]
[TimeControl "90min/40moves + 30min + 30sec/move"]
[WhiteElo "2103"]
[BlackElo "1920"]

1. e4 e5 2. Nf3 Nc6 3. Bc4 Bc5 4. c3 Nf6 5. d3 d6 6. O-O a5 7. Re1 Ba7 8. Nbd2 O-O 9. Nf1 Ne7 10.
Ng3 Ng6 11. Bb3 c6 12. d4 Re8 13. Be3 Bg4 14. h3 Bxf3 15. Qxf3 exd4 16. Bxd4 Bxd4 17. cxd4 d5 18. e5 Nd7 19.
Qg4 Ndf8 20. Nf5 Ne6 21. h4 Kh8 22. h5 Ngf8 23. Nd6 Re7 24. Rad1 Qb6 25. h6 g6 26. Re2 Rd7 27. Bc2 Qd8 28.
f4 f5 29. Qg3 Ra7 30. Qf2 b6 31. g4 fxg4 32. Qg3 Rxd6 33. exd6 Qxd6 34. Qxg4 Qxf4 35. Qxf4 Nxf4 36. Re8 Rf7 37.
Rde1 Kg8 38. Bd1 Rf5 39. R1e7 Rf7 40. Bg4 Rf6 41. Rc8 g5 42. Rg7+ Kh8 43. Rxg5 N4g6 44. Rf5 1-0

[Event "NJSK 2024 C"]
[Site "Groningen, Netherlands"]
[Date "2024.04.29"]
[Round "3.6"]
[White "Haque, Nishaaz"]
[Black "Ambrona Navarro, Himar"]
[Result "0-1"]
[TimeControl "90min/40moves + 30min + 30sec/move"]
[WhiteElo "1803"]
[BlackElo "1963"]

1. e4 c5 2. c3 d5 3. exd5 Nf6 4. d4 cxd4 5.
Qxd4 Qxd5 6. Qxd5 Nxd5 7. Bc4 Nb6 8. Bb3 g6 9. a4 e6 10. Bf4 Bg7 11. Nf3 Nc6 12. O-O O-O 13. Rd1 Nd7 14.
Nbd2 Nc5 15. Bd6 Nxb3 16. Bxf8 Nxa1 17. Bxg7 Kxg7 18. Rxa1 e5 19. Nc4 f6 20. Rd1 Bg4 21. h3 Be6 22.
Ne3 Rd8 23. Rxd8 Nxd8 24. Nd2 Kf7 25. Kf1 f5 26. Ndc4 Bxc4+ 27. Nxc4 Ke6 28. Ke2 Nf7 29. Kd3 Ng5 30. Nd2 Kd5 31.
b4 e4+ 32. Ke3 Ne6 33. f4 a5 34. c4+ Kc6 35. b5+ Kc5 36. Nb3+ Kb4 37. Nd4 Nxd4 38. Kxd4 Kxa4 0-1

[Event "NJSK 2024 C"]
[Site "Groningen, Netherlands"]
[Date "2024.04.29"]
[Round "3.7"]
[White "Darie, Aden"]
[Black "Etienne, Ghilon"]
[Result "1-0"]
[TimeControl "90min/40moves + 30min + 30sec/move"]
[WhiteElo "1923"]
[BlackElo "1793"]

1. e4 e5 2. Nf3 Nc6 3. Bb5 g6 4. O-O Bg7 5. c3 Nge7 6. d4 exd4 7. cxd4 a6 8. Ba4 d5 9. e5 O-O 10.
h3 h6 11. Be3 Be6 12. Nc3 Kh7 13. Nh2 Nf5 14. Ng4 h5 15. Nh2 Nxe3 16. fxe3 Qg5 17. Qe2 Ne7 18. Nf3 Qg3 19. Qf2 Qxf2+ 20. Kxf2 Bf5 21. Rfe1 Rad8 22. Rac1 b6 23. e4 dxe4 24. Nxe4 Nd5 25. Bb3 Nf4 26. Bc4 Bxe4 27. Rxe4 Bh6 28.
Rd1 a5 29. d5 Rfe8 30. Red4 Kg8 31. h4 f6 32. d6+ Kg7 33. dxc7 Rxd4 34. Rxd4 1-0

[Event "NJSK 2024 C"]
[Site "Groningen, Netherlands"]
[Date "2024.04.29"]
[Round "3.8"]
[White "Koppenens, Oscar"]
[Black "Klein Tuente, Sam"]
[Result "1-0"]
[TimeControl "90min/40moves + 30min + 30sec/move"]
[WhiteElo "1893"]
[BlackElo "1732"]

1. e4 c5 2. Nf3 e6 3. d4 cxd4 4. Nxd4 Nc6 5. Nc3 Qc7 6. Be3 a6 7. Qd2 Nf6 8. Nxc6 bxc6 9. h3 Bb4 10.
Bd3 d5 11. exd5 Nxd5 12. O-O Bxc3 13. bxc3 O-O 14. Bc5 Re8 15. Rfe1 e5 16. c4 Nf6 17. Bd6 Qd8 18. Rxe5 Rxe5 19. Bxe5 Be6 20. Rd1 Nd7 21.
Be4 Qc8 22. Bc3 Rb8 23. Qd4 f6 24. Qd6 Nb6 25. Qg3 Kh8 26. Rd6 c5 27. Rxe6 1-0

[Event "NJSK 2024 C"]
[Site "Groningen, Netherlands"]
[Date "2024.04.29"]
[Round "3.9"]
[White "Lalkota, Sai Pranav Tejas"]
[Black "Okita, Shinsaku"]
[Result "0-1"]
[TimeControl "90min/40moves + 30min + 30sec/move"]
[WhiteElo "1782"]
[BlackElo "1826"]

1. e4 c5 2. Nc3 g6 3. g3 Bg7 4. Bg2 Nc6 5. Nge2 e6 6. O-O Nge7 7. f4 d6 8. d3 h5 9. h4 a6 10.
a4 Qc7 11. Be3 Bd7 12. e5 Nf5 13. Bf2 dxe5 14. Bxc5 Ncd4 15. Ne4 Bc6 16. Kf2 Nxe2 17. Kxe2 Bxe4 18. dxe4 Nxg3+ 19. Kf3 Nxf1 20.
Bg1 Ng3 21. Kxg3 exf4+ 22. Kf3 Bxb2 23. Rb1 O-O 24. Rxb2 Qc3+ 25. Kxf4 e5+ 26. Kg5 Qg3+ 27. Kf6 Qf4+ 28. Ke7 Rfe8+ 29. Kd6 Rad8+ 30. Kc5 Rxd1 0-1

[Event "NJSK 2024 C"]
[Site "Groningen, Netherlands"]
[Date "2024.04.29"]
[Round "3.10"]
[White "Ngangbam, Chingthang"]
[Black "Tetova, Amir"]
[Result "0-1"]
[TimeControl "90min/40moves + 30min + 30sec/move"]
[WhiteElo "1713"]
[BlackElo "1767"]

1. e4 e6 2. d4 d5 3. Nc3 dxe4 4. Nxe4 Nf6 5. Bg5 Be7 6. Bxf6 Bxf6 7. Nf3 Nc6 8. c3 O-O 9. Bd3 Re8 10.
Qc2 h6 11. h4 e5 12. Nxf6+ Qxf6 13. d5 Ne7 14. O-O-O Bf5 15. Rhe1 Bxd3 16. Qxd3 Ng6 17. g3 Re7 18. h5 Nf8 19.
Qe3 Nd7 20. Nd2 Qa6 21. Kb1 Nf6 22. Qf3 Rd8 23. Nb3 Qc4 24. Qf5 Nxd5 25. Rd2 c6 26. Rxe5 Rxe5 27. Qxe5 Kf8 28. Kc1 Re8 29.
Qd4 Re1+ 30. Kc2 Nb4# 0-1

[Event "NJSK 2024 C"]
[Site "Groningen, Netherlands"]
[Date "2024.04.29"]
[Round "3.11"]
[White "Zecha, Oscar"]
[Black "Guillaumond, Matthieu"]
[Result "1-0"]
[TimeControl "90min/40moves + 30min + 30sec/move"]
[WhiteElo "1998"]
[BlackElo "1945"]

1. e4 c5 2. Nf3 Nc6 3. d4 cxd4 4. Nxd4 g6 5. c4 Bg7 6. Be3 Qb6 7. Nb5 Qa5+ 8. N1c3 Nf6 9. f3 O-O 10.
a3 a6 11. b4 Qd8 12. Nd4 d6 13. Be2 Nh5 14. Rc1 f5 15. exf5 gxf5 16. Nxc6 bxc6 17. f4 Nf6 18. Bf3 Qc7 19.
b5 axb5 20. cxb5 Rxa3 21. Bxc6 Ng4 22. Bd4 Ne3 23. Qd3 Ng4 24. Bxg7 Kxg7 25. Qe2 e5 26. h3 Nf6 27. fxe5 dxe5 28.
O-O Be6 29. Rfe1 e4 30. Qf2 Qe5 31.
Ne2 Kh8 32. Qd4 Qb8 33. Ra1 Rd3 34.
Qc5 Rc8 35. Qe7 Qe5 36. Nf4 Qd4+ 37. Kh1 Rg8 38. Nxd3 Bd5 39.
Bxd5 Nxd5 40. Qe5+ 1-0

[Event "NJSK 2024 C"]
[Site "Groningen, Netherlands"]
[Date "2024.04.29"]
[Round "3.12"]
[White "De Wit, Evan"]
[Black "Winter, Sven"]
[Result "1-0"]
[TimeControl "90min/40moves + 30min + 30sec/move"]
[WhiteElo "1769"]
[BlackElo "1768"]

1. d4 Nf6 2. c4 e6 3. Nc3 Bb4 4. e3 O-O 5. Bd3 d5 6. a3 Bxc3+ 7. bxc3 b6 8. Ne2 dxc4 9. Bxc4 Bb7 10.
O-O c5 11. Ng3 Nc6 12. Qe2 Qe7 13. Bb2 e5 14. d5 Na5 15. e4 g6 16. Bd3 h5 17. f4 c4 18. Bc2 h4 19. Nf5 Qc5+ 20.
Kh1 Rfe8 21. fxe5 Rxe5 22. Nh6+ Kg7 23. Rxf6 Kxh6 24. Rxf7 Rf8 25. Bc1+ g5 26. Be3 Qd6 27. Rxf8 Qxf8 28.
Qg4 Bxd5 29. Bd4 Be6 30. Qe2 Rb5 31. Rf1 Bg4 32. Qe1 Qc8 33. Rf6+ Kh5 34. e5 Qg8 35. Qe4 Bd7 36. Qg6+ Qxg6 37.
Bxg6+ Kh6 38. Be8+ Kg7 39. Bxd7 Rb1+ 40. Bg1 Re1 41. Rf5 Kg6 42. e6 Kxf5 43. e7+ Kf4 44. e8=Q Rxe8 45. Bxe8 Nb3 46. Bb5 Na5 47. Bd4 g4 48.
Kg1 Ke4 49. Kf2 Kd3 50. Ke1 Nb3 51. g3 hxg3 52. hxg3 a5 53. Bd7 Nxd4 54. cxd4 Kxd4 55. Kd2 c3+ 56. Kc2 Kc4 57. a4 Kb4 58.
Bb5 Ka3 59. Kxc3 Ka2 60. Kd4 Kb3 61. Ke4 1-0

[Event "NJSK 2024 C"]
[Site "Groningen, Netherlands"]
[Date "2024.04.29"]
[Round "3.13"]
[White "Frederiks, Jesse"]
[Black "Stylianou, Alexandros"]
[Result "1-0"]
[TimeControl "90min/40moves + 30min + 30sec/move"]
[WhiteElo "1718"]
[BlackElo "1642"]

1. d4 d5 2. c4 e6 3. Nc3 Nf6 4. Bg5 Bb4 5. e3 O-O 6. Nf3 Nbd7 7. Be2 b6 8. O-O Bb7 9. Ne5 Qe8 10.
f4 Nxe5 11. fxe5 Nd7 12. Nb5 Qc8 13. a3 a6 14. axb4 axb5 15. c5 c6 16. Qc2 Re8 17. Bd3 f5 18. exf6 gxf6 19. Rxa8 Bxa8 20.
Bxf6 Nxf6 21. Rxf6 Qd7 22. Qf2 Qg7 23. Rf3 Rf8 24. Rxf8+ Qxf8 25. Bxh7+ Kg7 26. Qxf8+ Kxf8 27. cxb6 Kg7 28.
Bd3 Kf6 29. Kf2 Kg7 30. Kg3 Kf6 31. Kf4 Bb7 32. g4 Bc8 33. g5+ Kg7 34. Ke5 Kf7 35. Kd6 Bb7 36. g6+ Kf6 37. Kc7 Ba6 38.
b7 Bxb7 39. Kxb7 1-0

[Event "NJSK 2024 C"]
[Site "Groningen, Netherlands"]
[Date "2024.04.29"]
[Round "3.14"]
[White "Van Haaften, Jelle"]
[Black "Kors, Siebe"]
[Result "1-0"]
[TimeControl "90min/40moves + 30min + 30sec/move"]
[WhiteElo "1655"]
[BlackElo "1668"]

1. c4 Nf6 2. Nc3 c6 3. e4 e5 4. g3 d5 5. cxd5 cxd5 6. Bg2 d4 7. Nce2 Nc6 8. d3 Qc7 9. f4 Bd7 10. Nf3 Bd6 11. O-O Nh5 12.
fxe5 Bxe5 13. Bd2 O-O 14. Rc1 Qd6 15. Qb3 Rab8 16. Qd5 Be6 17.
Rxc6 bxc6 18. Qxe5 Qxe5 19. Nxe5 Rxb2 20. Rd1 f6 21. Nxc6 Bd7 22. Nexd4 g6 23. Bb4 Rf7 24. a3 Bxc6 25.
Nxc6 Rc7 26. Rc1 Rd7 27. d4 Ra2 28. Bh3 f5 29. exf5 Kh8 30. fxg6 Rg7 31. d5 Rxg6 32. Bc3+ Ng7 33.
Rf1 h6 34. Bf5 Rd6 35. Bb1 1-0

[Event "NJSK 2024 C"]
[Site "Groningen, Netherlands"]
[Date "2024.04.29"]
[Round "4.1"]
[White "Groenewoud, Joel"]
[Black "Terlouw, Wouter"]
[Result "1-0"]
[TimeControl "90min/40moves + 30min + 30sec/move"]
[WhiteElo "2030"]
[BlackElo "1961"]

1. e4 c5 2. Nf3 Nc6 3. d4 cxd4 4. Nxd4 Nf6 5. Nc3 e5 6. Ndb5 d6 7. Nd5 Nxd5 8. exd5 Nb8 9. c4 Be7 10.
Be2 O-O 11. O-O a6 12. Nc3 f5 13. a4 a5 14. c5 dxc5 15. Nb5 Bd6 16. Bc4 Ra6 17. f4 e4 18. Bd2 Kh8 19. Bc3 Nd7 20.
Qd2 Nb6 21. Nxd6 Qxd6 22. Bxa6 bxa6 23. Rfd1 Bb7 24. Be5 Qg6 25. Qxa5 Nxd5 26. Qxc5 Qf7 27. Rac1 e3 28. b4 Re8 29.
b5 axb5 30. axb5 h6 31. Qd4 Qg6 32. Rc2 Qg4 33. Re1 Re6 34. Qa7 Rb6 35. Rb2 Qh4 36. Rc1 Qg4 37. Bd4 Nxf4 38. Qxb6 Bxg2 39.
Qxh6+ Kg8 40. Rc8+ Kf7 41. Rc7+ 1-0

[Event "NJSK 2024 C"]
[Site "Groningen, Netherlands"]
[Date "2024.04.29"]
[Round "4.2"]
[White "Kurt, Sascha"]
[Black "Aravindhan, Achyuth"]
[Result "1/2-1/2"]
[TimeControl "90min/40moves + 30min + 30sec/move"]
[WhiteElo "2096"]
[BlackElo "2071"]

1. e4 c5 2. Nf3 Nc6 3. d4 cxd4 4. Nxd4 Nf6 5. Nc3 e5 6. Ndb5 d6 7. Bg5 a6 8. Na3 b5 9. Nd5 Be7 10.
Bxf6 Bxf6 11. c4 b4 12. Nc2 O-O 13. Qf3 Bg5 14. h4 Bh6 15. g4 f6 16. Qg3 Be6 17. Rd1 a5 18. Bh3 Bxd5 19.
Rxd5 Qe7 20. Qd3 Rfd8 21. Rb5 Kh8 1/2-1/2

[Event "NJSK 2024 C"]
[Site "Groningen, Netherlands"]
[Date "2024.04.29"]
[Round "4.3"]
[White "Grooten, Tommy"]
[Black "Chua, Ethan"]
[Result "0-1"]
[TimeControl "90min/40moves + 30min + 30sec/move"]
[WhiteElo "2018"]
[BlackElo "2000"]

1. d4 Nf6 2. c4 g6 3. Nc3 Bg7 4. e4 d6 5. Bd3 Nc6 6. Nge2 e5 7. d5 Nd4 8. O-O O-O 9. a4 Nd7 10.
Be3 f5 11. exf5 gxf5 12. f4 Nc5 13. Bb1 Nxe2+ 14. Qxe2 Nb3 15. Ra3 Nd4 16. Qf2 Qf6 17. Rd1 c5 18. a5 e4 19. Na4 Bd7 20. b4 Bxa4 21. Rxa4 b6 22. Qa2 Rab8 23. axb6 axb6 24.
Ra6 Qg6 25. Kh1 Qh5 26. Re1 Bf6 27. Bc2 Nf3 28. gxf3 Qxf3+ 29. Kg1 Rf7 30. Bf2 Rg7+ 31. Kf1 Bd4 32. Bxe4 fxe4 33. Ra3 Qg2+ 34.
Ke2 Qxf2+ 35. Kd1 Qxa2 36. Rxa2 cxb4 37. Kc2 Rg2+ 38. Kb3 Rxa2 39. Kxa2 e3 40. Kb3 Bc5 0-1

[Event "NJSK 2024 C"]
[Site "Groningen, Netherlands"]
[Date "2024.04.29"]
[Round "4.4"]
[White "Koppenens, Oscar"]
[Black "Ritzerveld, Noah"]
[Result "0-1"]
[TimeControl "90min/40moves + 30min + 30sec/move"]
[WhiteElo "1893"]
[BlackElo "2103"]

1. e4 e5 2. Nf3 Nc6 3. Bc4 Nf6 4. d4 exd4 5. e5 d5 6. Bb5 Ne4 7. Nxd4 Bd7 8. Bxc6 bxc6 9. O-O Bc5 10.
f3 Ng5 11. f4 Ne4 12. Be3 Bb6 13. Nd2 Nxd2 14. Qxd2 c5 15. Nb3 d4 16. Bf2 Bb5 17. Rfe1 Qd5 18. e6 O-O 19. Re5 Qc6 20.
e7 Rfe8 21. c3 f6 22. Ree1 Qd5 23. cxd4 Bc6 24. Be3 c4 25. Nc5 Ba5 26. Qf2 Bxe1 27. Rxe1 Rxe7 28. f5 Bd7 29. Na6 Bxf5 30.
Qg3 Qd6 31. Qxd6 cxd6 32. Kf2 Rb7 33. b4 cxb3 34. axb3 Rxb3 35. Nc7 Rb2+ 36. Kf3 Rab8 37. Nd5 Kf7 38. Rc1 Rc2 39. Ra1 Rb7 40.
Ra6 Be6 41. Nf4 g5 42. Nh5 Bc4 43. Rxd6 Be2+ 0-1

[Event "NJSK 2024 C"]
[Site "Groningen, Netherlands"]
[Date "2024.04.29"]
[Round "4.5"]
[White "Ambrona Navarro, Himar"]
[Black "De Jong, Lode"]
[Result "1/2-1/2"]
[TimeControl "90min/40moves + 30min + 30sec/move"]
[WhiteElo "1963"]
[BlackElo "1587"]

1. d4 Nf6 2. c4 g6 3. Nc3 Bg7 4. e4 d6 5. Nf3 O-O 6. Bg5 h6 7. Bf4 Nbd7 8. d5 e6 9. Be2 exd5 10.
exd5 Re8 11. O-O Ne4 12. Nxe4 Rxe4 13. Qd2 Qf6 14. Be3 Qxb2 15. Qxb2 Bxb2 16. Rab1 Bg7 17. Bd3 Re8 18. Nd4 Nc5 19.
Nb5 Nxd3 20. Nxc7 Rxe3 21. fxe3 Rb8 22. Na6 Ra8 23. Nc7 Rb8 24. Na6 Ra8 25. Nc7 Rb8 26. Nb5 Be5 27. Nc7 1/2-1/2